 Dungeon Crawl Stone Soup version 0.29-a0-330-g52719c12eb (webtiles) character file.

Game seed: 10278559941564914890

3714 kae the Arsonist (level 10, -2/66 HPs)
             Began as an Octopode Fire Elementalist on Apr 18, 2022.
             Was an Initiate of Ashenzari.
             Slain by Grinder (5 damage)
             ... while paralysed by Grinder
             ... on level 5 of the Dungeon.
             The game lasted 00:06:31 (13096 turns).

kae the Arsonist (Octopode Fire Elementalist)      Turns: 13096, Time: 00:06:32

Health: -2/66      AC:  5    Str:  7    XL:     10   Next: 14%
Magic:  11/17      EV:  2    Int: 21    God:    Ashenzari [......]
Gold:   406        SH:  0    Dex: 14    Spells: 6/19 levels left

rFire   . . .      SeeInvis .   p - +3 war axe (vorpal)
rCold   . . .      Faith    .   (no shield)
rNeg    . . .      Spirit   .   (helmet restricted)
rPois   .          Reflect  .   (no amulet)
rElec   .          Harm     .   k - +4 ring of protection
rCorr   .          Rampage  .   g - +4 ring of evasion
Will    .....                   (no ring)
Stlth   +++++.....              (no ring)
HPRegen 0.21/turn               (no ring)
MPRegen 0.15/turn               (no ring)
                                (no ring)
                                (no ring)

@: paralysed
A: almost no armour, amphibious, 8 rings, camouflage 1, gelatinous body 1,
(nimble swimmer 1), tentacles
a: Renounce Religion


You were on level 5 of the Dungeon.
You worshipped Ashenzari.
Ashenzari was noncommittal.
You visited 2 branches of the dungeon, and saw 8 of its levels.

You collected 406 gold pieces.

Inventory:

Hand Weapons
 j - a +0 mace
 p - a +3 vorpal war axe (weapon)
Jewellery
 g - a +4 ring of evasion (right tentacle)
 k - a +4 ring of protection (left tentacle)
 z - a ring of flight
Wands
 A - a wand of charming (2)
Scrolls
 f - a scroll of noise
 h - 2 scrolls of teleportation
 i - a scroll of holy word
 l - a scroll of immolation
 m - a scroll of fear
 o - a scroll of summoning
 q - a scroll of vulnerability
 s - a scroll of identify
 u - a scroll of silence
 y - 2 scrolls of amnesia
Potions
 a - 2 potions of magic
 b - 2 potions of attraction
 c - a potion of brilliance {unknown}
 d - 7 potions of curing
 e - 3 potions of might
 n - 3 potions of lignification {unknown}
 r - 3 potions of mutation {unknown}
 t - a potion of haste {unknown}
 v - 5 potions of flight {unknown}
 w - 2 potions of invisibility {unknown}
 x - a potion of heal wounds {unknown}
 B - a potion of resistance {unknown}
 C - a potion of degeneration {unknown}


   Skills:
 + Level 5.1 Fighting
 + Level 5.6 Dodging
 + Level 8.3 Stealth
 + Level 5.2 Spellcasting
 + Level 5.3 Conjurations
 * Level 8.3 Fire Magic


You had 6 spell levels left.
You knew the following spells:

 Your Spells              Type           Power      Damage    Failure   Level
a - Foxfire               Conj/Fire      100%       2x1d9     1%          1
b - Scorch                Fire           80%        2d9       1%          2
c - Conjure Flame         Conj/Fire      34%        6-21      1%          3
d - Inner Flame           Hex/Fire       22%        N/A       6%          3
e - Flame Wave            Conj/Fire      34%        2d8       6%          4

Your spell library contained the following spells:

 Spells                   Type           Power      Damage    Failure   Level
 Animate Skeleton         Necr           10%        N/A       11%         1
 Apportation              Tloc           10%        N/A       11%         1
 Summon Small Mammal      Summ           20%        N/A       11%         1
 Ozocubu's Armour         Ice            5%         N/A       32%         3
 Summon Guardian Golem    Hex/Summ       5%         N/A       32%         3
 Tukima's Dance           Hex            5%         N/A       32%         3
 Metabolic Englaciation   Hex/Ice        2%         N/A       96%         5
 Yara's Violent Unravell  Hex/Tmut       2%         3d3       96%         5
 Simulacrum               Ice/Necr       2%         N/A       100%        6
 Summon Hydra             Summ           2%         N/A       100%        7


Dungeon Overview and Level Annotations

Branches:
Dungeon (7/15)             Temple (1/1) D:7

Altars:
Ashenzari
Cheibriados
Dithmenos
Elyvilon
Fedhas
Gozag
Hepliaklqana
Kikubaaqudgha
Makhleb
Nemelex Xobeh
Okawaru
Qazlal
Ru
Sif Muna
Trog
Uskayaw
Vehumet
Wu Jian
Xom
Yredelemnul
Zin
The Shining One
Beogh

Annotations:
D:5 Grinder
D:6 3 runed translucent doors, A55's ghost, amateur DEAM
D:7 3 runed translucent doors, initializr's ghost, novice GnCA


Innate Abilities, Weirdness & Mutations

You cannot wear most types of armour.
You are amphibious.
You can wear up to eight rings at the same time.
Your skin changes colour to match your surroundings (Stealth+).
Your rubbery body absorbs attacks. (AC +1, EV +1)
((You are camouflaged when in or above water. (Stealth+)))
You have tentacles for arms and can constrict up to eight enemies at once.


Message History

Grinder hits you.
Casting: Foxfire (safe; 1% risk of failure)
Confirm with . or Enter, or press ? or * to list all spells.
You conjure some foxfire!
Grinder closely misses you.
The foxfire hits Grinder!
Grinder is heavily wounded.
The foxfire hits Grinder but does no damage.
Grinder is heavily wounded.
Grinder hits you.
Casting: Foxfire (safe; 1% risk of failure)
Confirm with . or Enter, or press ? or * to list all spells.
You conjure some foxfire!
Grinder hits you.
You writhe in agony.
The foxfire hits Grinder.
Grinder is severely wounded.
The foxfire hits Grinder.
Grinder is almost dead.
Grinder misses you.
Casting: Foxfire (safe; 1% risk of failure)
Confirm with . or Enter, or press ? or * to list all spells.
Flames lash the ogre.
The ogre is moderately wounded.
The ogre's fire resistance burns away.
Grinder gestures at you. Pain shoots through your body!
The ogre closely misses you.
Grinder blinks!
Casting: Scorch (safe; 1% risk of failure)
Confirm with . or Enter, or press ? or * to list all spells.
Flames lash the ogre.
The ogre is burned terribly!
The ogre is almost dead.
The ogre completely misses you. Grinder gestures at you.
You suddenly lose the ability to move!
The ogre hits you with a +0 giant club!!
Ouch! That really hurt!
* * * LOW HITPOINT WARNING * * *
The ogre completely misses you. Grinder hits you.
* * * LOW HITPOINT WARNING * * *
You writhe in agony.
You die...

.##.##[##....###.###.##....###...
....#.>....................'.....
#####)####.......###.......###...
#........#.### ####....# #.#'
######.....#### #....# #^#<
#####....# ####.# #.#. #....# #)#
#.#. #####....########.###.#.
.......@................
......5O................
........................
........................
,,........................
#.............................
#.............................
#.............................
#.............................


You could see Grinder and an ogre (combustible).

Vanquished Creatures
  Pikel (D:5)
  Prince Ribbit (D:5)
  Sigmund (D:5)
  A wyvern (D:6)
  3 water moccasins
  An ice beast (D:5)
  2 orc warriors
  2 sky beasts
  3 ogres
  A centaur (D:7)
  3 phantoms
  A lemure (D:4)
  A kobold brigand (D:7)
  Blork the orc (D:5)
  4 necrophages
  3 bullfrogs (D:7)
  A scorpion (D:4)
  4 orc priests
  10 hounds
  2 jellies
  2 iguanas
  4 orc wizards
  5 gnolls (D:4)
  8 adders
  2 worms
  2 dart slugs (D:1)
  17 orcs
  7 bats
  4 endoplasms
  3 giant cockroaches
  6 goblins
  6 hobgoblins
  23 kobolds
  4 quokkas
  5 ball pythons
  6 frilled lizards
  8 rats
158 creatures vanquished.

Vanquished Creatures (others)
  497 foxfires
  8 fungi (D:4)
505 creatures vanquished.

Grand Total: 663 creatures vanquished

Notes
Turn   | Place    | Note
-------+----------+-------------------------------------------
     0 | D:1      | kae the Octopode Fire Elementalist began the quest for the
                  | Orb.
     0 | D:1      | Reached XP level 1. HP: 11/11 MP: 3/3
   219 | D:1      | Reached XP level 2. HP: 17/17 MP: 1/5
   365 | D:1      | Found a faded altar of an unknown god.
   441 | D:1      | You fall into a shaft and drop 1 floor!
   697 | D:2      | Reached XP level 3. HP: 22/22 MP: 3/6
   850 | D:2      | Found a sacrificial altar of Ru.
  1083 | D:1      | Reached skill level 1 in Fighting
  2126 | D:2      | Reached XP level 4. HP: 28/28 MP: 4/7
  2200 | D:2      | Got Sif Muna's Papyrus of Hexes and the Escort
  2470 | D:3      | Learned a level 2 spell: Scorch
  2474 | D:3      | Learned a level 3 spell: Conjure Flame
  2823 | D:3      | Noticed a necrophage
  2836 | D:3      | Killed a necrophage
  2837 | D:3      | Reached XP level 5. HP: 25/33 MP: 0/8
  3944 | D:4      | Reached XP level 6. HP: 39/39 MP: 6/9
  4571 | D:4      | Found a sacrificial altar of Ru.
  4745 | D:4      | Reached XP level 7. HP: 45/45 MP: 6/11
  4882 | D:4      | Reached skill level 5 in Fire Magic
  5355 | D:4      | Reached skill level 5 in Stealth
  5798 | D:5      | Entered Level 5 of the Dungeon
  5936 | D:5      | Noticed Pikel
  6456 | D:5      | Noticed Grinder
  6466 | D:5      | Noticed Blork the orc
  6603 | D:5      | Noticed Prince Ribbit
  6614 | D:5      | Killed Prince Ribbit
  6615 | D:5      | Reached XP level 8. HP: 52/52 MP: 7/13
  6937 | D:5      | Killed Pikel
  7253 | D:5      | Reached XP level 9. HP: 58/58 MP: 8/15
  7257 | D:5      | Learned a level 3 spell: Inner Flame
  7262 | D:5      | Learned a level 4 spell: Flame Wave
  7440 | D:6      | Noticed Sigmund
  8622 | D:5      | Killed Sigmund
  9159 | D:6      | HP: 1/58 [wyvern (8)]
  9755 | D:6      | Found a runed translucent gate.
  9755 | D:6      | Found a runed translucent gate.
  9756 | D:6      | Found a runed translucent gate.
  9758 | D:6      | Noticed A55's ghost (amateur DEAM)
  9832 | D:6      | Reached skill level 5 in Dodging
 11250 | D:7      | Found a runed translucent gate.
 11251 | D:7      | Found a runed translucent gate.
 11252 | D:7      | Found a runed translucent gate.
 11253 | D:7      | Noticed initializr's ghost (novice GnCA)
 11255 | D:7      | Identified the +1 chain mail of the Chewing Gods {Str+3}
 11363 | D:7      | Reached skill level 5 in Spellcasting
 11363 | D:7      | Reached skill level 5 in Conjurations
 11515 | D:7      | Reached XP level 10. HP: 60/65 MP: 17/17
 11602 | D:7      | Found a staircase to the Ecumenical Temple.
 11610 | Temple   | Entered the Ecumenical Temple
 11983 | Temple   | Became a worshipper of Ashenzari the Shackled
 12018 | D:7      | Reached skill level 5 in Fighting
 12960 | D:5      | Killed Blork the orc
 13093 | D:5      | Paralysed by Grinder for 7 turns
 13096 | D:5      | HP: 3/66 [Grinder (5)]
 13096 | D:5      | Slain by Grinder

Illustrated notes

Levels and vault maps discovered:
D:1:      tarquinn_simple_flora_water_d, layout_basic, serial_corexii_hall,
          corexii_hall_statues_s, corexii_hall_statues_u,
          chequers_hall_statues_corner_a, corexii_hall_statues_l,
          basic_ecumenical_altar, minmay_crystal_water
D:2:      layout_basic, basic_altar, minmay_misc_feat_chi, glass_columns_b
D:3:      layout_basic, serial_co_window_serial, co_window_paths_a,
          co_window_paths_a, co_window_paths_a, co_window_of_opportunity_a,
          co_window_paths_a, co_window_cross_1, co_window_of_opportunity_a,
          co_window_of_opportunity_a, co_window_paths_a, co_window_2corner,
          co_window_of_opportunity_b, co_window_broadway_b, co_window_4corner_a,
          co_window_4corner_b, glass_columns_b
D:4:      layout_loops_corners, mainiacjoe_overflow_tiny_flanked,
          grunt_ministairs_6, dreamdust_gnoll_farm
D:5:      layout_basic, uniq_prince_ribbit1, uniq_pikel, uniq_blork_the_orc,
          uniq_grinder, uniq_edmund
D:6:      layout_loops_cross, gammafunk_ghost_necromancy, uniq_sigmund
D:7:      layout_gridville, minmay_temple_entry_nine_rooms,
          biasface_ghost_orc_armoury, minmay_unpleasant_kobolds
Temple:   kilobyte_greek_temple

Skill      XL: |  1  2  3  4  5  6  7  8  9 10 |
---------------+-------------------------------+-----
Stealth        | 3 4 5 6 8 |  8.3
Fighting       | 1 2 3 4 5 |  5.1
Fire Magic     | 4 5 6 8 |  8.3
Conjurations   | 2 3 4 5 |  5.3
Dodging        | 3 4 5 |  5.6
Spellcasting   | 3 4 5 |  5.2

Action                   |  1- 3 |  4- 6 |  7- 9 | 10-12 || total
-------------------------+-------+-------+-------+-------++-------
Melee: Mace              |    20 |    35 |     3 |       ||    58
       Constrict         |     4 |    12 |    10 |     3 ||    29
       Tentacles         |     3 |     6 |    10 |     3 ||    22
       Punch             |       |       |     1 |     1 ||     2
       War axe           |       |       |    42 |    23 ||    65
 Cast: Foxfire           |    67 |    66 |   136 |    30 ||   299
       Scorch            |       |    10 |    45 |     8 ||    63
       Conjure Flame     |       |     2 |    10 |     2 ||    14
  Use: Scroll            |       |     3 |    14 |     1 ||    18
       Potion            |       |       |     1 |       ||     1
 Stab: Sleeping          |       |     1 |     8 |     3 ||    12
Armor: Skin              |     6 |     9 |    18 |     6 ||    39
Dodge: Dodged            |    36 |    51 |   105 |    38 ||   230

Table legend: (Time is in decaauts)
 A = Elapsed time spent in this place.
 B = Non-inter-level travel time spent in this place.
 C = Inter-level travel time spent in this place.
 D = Time resting spent in this place.
 E = Time spent auto-exploring this place.
 F = Levels seen in this place.
 G = Mean time per level.
                   A        B        C        D        E       F      G
               +--------+--------+--------+--------+--------+-----+--------+
         Total |  13161 |  12605 |    556 |   1609 |   9394 |   8 | 1645.1 |
       Dungeon |  12510 |  12026 |    484 |   1609 |   8824 |   7 | 1787.1 |
        Temple |    651 |    579 |     72 |      0 |    570 |   1 |  651.0 |
               +--------+--------+--------+--------+--------+-----+--------+

Top non-repeatable levels by time:
     D:5: 3124 daAuts
     D:4: 2461 daAuts
     D:6: 1903 daAuts
     D:3: 1462 daAuts
     D:1: 1410 daAuts
     D:7: 1084 daAuts
     D:2: 1062 daAuts
  Temple: 651 daAuts
